[Event "Queens Festival Final Team 2022"]
[Site "Tornelo"]
[Date "2022.06.26"]
[Round "11.2"]
[White "Shah, Riya"]
[Black "khezrian, Neda"]
[Result "1-0"]
[ECO "D00"]
[WhiteElo "1559"]
[BlackElo "1056"]
[Annotator "NA RC"]
[PlyCount "131"]
[EventDate "2022.06.24"]
[EventType "team-tourn"]
[EventCountry "NET"]
[SourceTitle "playchess.com"]
[Source "ChessBase"]
[SourceQuality "1"]
[WhiteTeam "Kenya"]
[BlackTeam "Iran"]
[WhiteTeamCountry "KEN"]
[BlackTeamCountry "IRI"]
[TimeControl "180+2"]

1. d4 d5 2. e3 Bf5 3. Bd3 Bg6 4. Bxg6 hxg6 5. Qd3 Nf6 6. Qb5+ Nbd7 7. Qxb7 e6 8. Qb5 Rb8 9. Qd3 Bd6 10. Nc3 O-O 11. Nf3 Re8 12. e4 Bb4 13. Bd2 Bxc3 14. Qxc3 dxe4 15. Ne5 Nxe5 16. dxe5 Nd5 17. Qg3 Rxb2 18. O-O Rxc2 19. Bg5 Qd7 20. Rfe1 f6 21. exf6 gxf6 22. Be3 Qg7 23. Bxa7 Rc4 24. Be3 Rb8 25. Rec1 Rcb4 26. h3 Nxe3 27. Qxe3 Qd7 28. Qc5 Qd2 29. Qc2 Qxc2 30. Rxc2 Rb1+ 31. Rxb1 Rxb1+ 32. Kh2 Rb7 33. Rc6 Kf7 34. Kg3 Ke7 35. Kf4 f5 36. Kg5 Ra7 37. Rc2 Kd7 38. Kxg6 f4 39. Kf6 Ra6 40. Ke5 Ke7 41. Kxe4 Kd7 42. Kxf4 Ra4+ 43. Kg3 Re4 44. f4 Re2 45. Rxe2 Kd6 46. Kg4 c5 47. f5 exf5+ 48. Kxf5 c4 49. g4 Kd5 50. g5 Kd4 51. g6 c3 52. g7 Kd3 53. Rh2 c2 54. Rxc2 Kxc2 55. g8=Q Kb2 56. Qc8 Ka1 57. a4 Ka2 58. Qc3 Kb1 59. Qd2 Ka1 60. a5 Kb1 61. a6 Ka1 62. a7 Kb1 63. Qf2 Ka1 64. a8=Q+ Kb1 65. Qaa2+ Kc1 66. Qf1# 1-0

[Event "Queens Festival Final Team 2022"]
[Site "Tornelo"]
[Date "2022.06.26"]
[Round "11.2"]
[White "Khezrian, Nooralzahra"]
[Black "Muthoni, Vivian"]
[Result "1/2-1/2"]
[ECO "C46"]
[WhiteElo "1269"]
[BlackElo "1128"]
[Annotator "NA RC"]
[PlyCount "78"]
[EventDate "2022.06.24"]
[EventType "team-tourn"]
[EventCountry "NET"]
[SourceTitle "playchess.com"]
[Source "ChessBase"]
[SourceQuality "1"]
[WhiteTeam "Iran"]
[BlackTeam "Kenya"]
[WhiteTeamCountry "IRI"]
[BlackTeamCountry "KEN"]
[TimeControl "180+2"]

1. e4 e5 2. Nf3 Nc6 3. Nc3 Bc5 4. Nxe5 Nxe5 5. d4 Bb4 6. dxe5 Bxc3+ 7. bxc3 Qe7 8. Bf4 d6 9. Bd3 dxe5 10. Be3 Nf6 11. O-O O-O 12. Rb1 Ng4 13. Qe2 Qh4 14. h3 Nf6 15. Bc5 Re8 16. Bb5 c6 17. Bc4 Qg5 18. Kh1 Qh4 19. Qf3 b5 20. Bd3 Qh6 21. Be3 Qg6 22. c4 bxc4 23. Bxc4 Be6 24. Bxe6 fxe6 25. Rb7 Rf8 26. Bc5 Rfd8 27. Rfb1 Nxe4 28. Be3 Rf8 29. Qe2 Nf6 30. Qc4 Qf5 31. R1b2 Ne4 32. Qd3 Nxf2+ 33. Bxf2 Qxf2 34. Qb3 Qf1+ 35. Kh2 Qf4+ 36. Kh1 Qc1+ 37. Kh2 Qf4+ 38. Kh1 Qf1+ 39. Kh2 Qf4+ 1/2-1/2

[Event "Queens Festival Final Team 2022"]
[Site "Tornelo"]
[Date "2022.06.26"]
[Round "11.2"]
[White "Kosgey Sheila Jerop"]
[Black "Davari, Sara"]
[Result "0-1"]
[ECO "C44"]
[WhiteElo "1242"]
[BlackElo "1674"]
[Annotator "NA RC"]
[PlyCount "100"]
[EventDate "2022.06.24"]
[EventType "team-tourn"]
[EventCountry "NET"]
[SourceTitle "playchess.com"]
[Source "ChessBase"]
[SourceQuality "1"]
[WhiteTeam "Kenya"]
[BlackTeam "Iran"]
[WhiteTeamCountry "KEN"]
[BlackTeamCountry "IRI"]
[TimeControl "180+2"]

1. e4 e5 2. Nf3 Nf6 3. d3 Nc6 4. g3 d5 5. Nbd2 Bd6 6. Bg2 O-O 7. O-O dxe4 8. dxe4 Bg4 9. Re1 Nd4 10. c3 Nxf3+ 11. Nxf3 Re8 12. Bg5 h6 13. Bc1 Qe7 14. Qb3 b6 15. Nxe5 Bxe5 16. f4 Bd6 17. e5 Bc5+ 18. Kh1 Rad8 19. c4 Nd7 20. Qc3 Bb4 21. Qe3 Bxe1 22. Qxe1 Nc5 23. Be3 Nd3 24. Qc3 Qb4 25. Qc2 Qxb2 26. Qxb2 Nxb2 27. c5 Rd3 28. Bf2 Red8 29. cxb6 Rd1+ 30. Rxd1 Rxd1+ 31. Bg1 axb6 32. h3 Be6 33. Bf3 Bd5 34. Kg2 Bxf3+ 35. Kxf3 Rxg1 36. Ke4 Ra1 37. Kd5 Rxa2 38. Kc6 Ra3 39. Kxc7 Rxg3 40. Kxb6 Rxh3 41. Kc5 Nd3+ 42. Kd4 Nxf4 43. Ke4 Ne6 44. Kd5 Rd3+ 45. Ke4 Rd4+ 46. Ke3 f6 47. exf6 gxf6 48. Kf3 h5 49. Kg3 h4+ 50. Kh3 Ng5+ 0-1

[Event "Queens Festival Final Team 2022"]
[Site "Tornelo"]
[Date "2022.06.26"]
[Round "11.3"]
[White "Hong, Xing"]
[Black "Moshoboro Arona"]
[Result "1-0"]
[ECO "C10"]
[WhiteElo "1999"]
[BlackElo "1555"]
[Annotator "NA RC"]
[PlyCount "61"]
[EventDate "2022.06.24"]
[EventType "team-tourn"]
[EventCountry "NET"]
[SourceTitle "playchess.com"]
[Source "ChessBase"]
[SourceQuality "1"]
[WhiteTeam "China"]
[BlackTeam "Botswana"]
[WhiteTeamCountry "CHN"]
[BlackTeamCountry "BOT"]
[TimeControl "180+2"]

1. e4 e6 2. d4 d5 3. Nc3 Ne7 4. exd5 exd5 5. Bd3 Bd7 6. Nge2 Nf5 7. O-O c6 8. Re1 Be6 9. Nf4 Qf6 10. Bxf5 Qxf5 11. Nxe6 fxe6 12. Qe2 Kd7 13. a3 Bd6 14. b4 Rf8 15. Be3 Rf6 16. Na4 Rg6 17. g3 Ke7 18. c4 Nd7 19. cxd5 Qxd5 20. Nc5 Rf8 21. Nxb7 Nf6 22. Nxd6 Qxd6 23. Bf4 Qd5 24. Rac1 Ng4 25. Qe4 Qh5 26. h4 Nh6 27. Rxc6 Qxh4 28. Rxe6+ Rxe6 29. Qxe6+ Kd8 30. Qd6+ Kc8 31. Qc7# 1-0

[Event "Queens Festival Final Team 2022"]
[Site "Tornelo"]
[Date "2022.06.26"]
[Round "11.3"]
[White "Francis, Onkemetse"]
[Black "Cui, Wen"]
[Result "0-1"]
[ECO "C54"]
[WhiteElo "1777"]
[BlackElo "1718"]
[Annotator "NA RC"]
[PlyCount "58"]
[EventDate "2022.06.24"]
[EventType "team-tourn"]
[EventCountry "NET"]
[SourceTitle "playchess.com"]
[Source "ChessBase"]
[SourceQuality "1"]
[WhiteTeam "Botswana"]
[BlackTeam "China"]
[WhiteTeamCountry "BOT"]
[BlackTeamCountry "CHN"]
[TimeControl "180+2"]

1. e4 e5 2. Nf3 Nc6 3. Bc4 Bc5 4. c3 Nf6 5. d3 d6 6. h3 a6 7. Bb3 Ba7 8. O-O O-O 9. Re1 h6 10. Nbd2 Re8 11. Nf1 Be6 12. Bc2 d5 13. exd5 Bxd5 14. Ng3 Qd7 15. Qe2 Rad8 16. Be3 Bxe3 17. Qxe3 Qd6 18. Nh4 Be6 19. Nhf5 Bxf5 20. Nxf5 Qe6 21. Ng3 Nd5 22. Qf3 Qd7 23. Rad1 Re6 24. Ne4 Rg6 25. Ng3 Nf4 26. d4 Rf6 27. Qe4 Qd5 28. Qh7+ Kf8 29. dxe5 Qxg2# 0-1

[Event "Queens Festival Final Team 2022"]
[Site "Tornelo"]
[Date "2022.06.26"]
[Round "11.3"]
[White "Marape, Naledi"]
[Black "Song, Yuxin"]
[Result "0-1"]
[ECO "B54"]
[WhiteElo "1707"]
[BlackElo "2317"]
[Annotator "TA"]
[PlyCount "68"]
[EventDate "2022.06.24"]
[EventType "team-tourn"]
[EventCountry "NET"]
[SourceTitle "playchess.com"]
[Source "ChessBase"]
[SourceQuality "1"]
[WhiteTeam "Botswana"]
[BlackTeam "China"]
[WhiteTeamCountry "BOT"]
[BlackTeamCountry "CHN"]
[TimeControl "180+2"]

1. e4 c5 2. Nf3 d6 3. d4 cxd4 4. Nxd4 e5 5. Nb5 a6 6. N5a3 {[%emt 0:00:06] B54: Sicilian: 2...d6 3 d4 cxd4 4 Nxd4, Unusual Lines .} Nf6 7. Nc3 b5 {[%emt 0:00:05] [#] Strongly threatening ...b4.} 8. Nd5 {[%emt 0:00:05] The position is equal.} Nbd7 {[%emt 0:00:25] [#]} 9. f3 $146 (9. c4 $11) ({Predecessor:} 9. Bg5 h6 10. Bxf6 Nxf6 11. Nxf6+ Qxf6 12. Bd3 d5 13. Nxb5 Bc5 14. O-O axb5 15. Bxb5+ {0-1 (28) Boehnke,H (2337)-Boccia,M (2444) ICCF email 2018}) 9... Bb7 10. c3 (10. c4 $11) 10... Nxd5 $17 11. exd5 Nb6 (11... Be7 $17 12. c4 O-O) 12. c4 $15 bxc4 13. Bxc4 Nxc4 (13... Rc8 $5 14. Bb3 {[#]} Nxd5 $1 15. Ba4+ Ke7 $15) 14. Nxc4 {[%emt 0:00:08][%mdl 8192] Now White is beyond hope.} (14. Qa4+ $15 Ke7 15. Nxc4) 14... Qh4+ $19 15. g3 Qxc4 16. Kf2 Qxd5 17. Be3 Qxd1 18. Rhxd1 Rc8 19. Rac1 Rxc1 20. Rxc1 Kd7 {[%emt 0:00:01] Against Rc7+} 21. Bb6 Bc6 22. Rd1 Be7 23. Ba5 Rb8 24. Bc3 Ke6 25. f4 f6 26. Re1 e4 27. g4 d5 {[%emt 0:00:02][%cal Bd6d5,Bd5c4,Bc4b3][%mdl 32] White must now prevent ...Bc5+.} 28. Bd4 Rb4 29. Ke3 Bd8 {[%emt 0:00:03][%cal Ob4d4] ...Rxd4! is the strong threat.} 30. Rc1 Rc4 31. Rxc4 dxc4 32. Kd2 Kd5 33. Kc3 Ba5+ 34. b4 cxb3+ {[%emt 0:00:02] Weighted Error Value: White=0.64/Black=0.08 (flawless)} 0-1

[Event "Queens Festival Final Team 2022"]
[Site "Tornelo"]
[Date "2022.06.26"]
[Round "11.3"]
[White "Jiang, Tianyu"]
[Black "Banda Natalie Katlo"]
[Result "1-0"]
[ECO "C16"]
[WhiteElo "1502"]
[BlackElo "1629"]
[Annotator "NA RC"]
[PlyCount "97"]
[EventDate "2022.06.24"]
[EventType "team-tourn"]
[EventCountry "NET"]
[SourceTitle "playchess.com"]
[Source "ChessBase"]
[SourceQuality "1"]
[WhiteTeam "China"]
[BlackTeam "Botswana"]
[WhiteTeamCountry "CHN"]
[BlackTeamCountry "BOT"]
[TimeControl "180+2"]

1. Nc3 d5 2. e4 e6 3. d4 Bb4 4. e5 Nd7 5. a3 Bxc3+ 6. bxc3 c5 7. f4 f6 8. Bd3 cxd4 9. cxd4 fxe5 10. Qh5+ Kf8 11. fxe5 Qe8 12. Qh4 g6 13. Nf3 Qe7 14. Bg5 Qf7 15. O-O Ke8 16. Nd2 Qg7 17. Rf2 h6 18. Be3 g5 19. Qh5+ Kd8 20. Raf1 Ne7 21. Rf7 Qg8 22. h4 gxh4 23. Qxh4 Qe8 24. Rg7 Rg8 25. Rff7 Rxg7 26. Rxg7 Kc7 27. Qxe7 Qxe7 28. Rxe7 b6 29. Bxh6 Bb7 30. Bb5 Rd8 31. Bg5 a6 32. Bxd7 Rxd7 33. Rxd7+ Kxd7 34. Kf2 b5 35. Bf6 Bc6 36. g4 Ke8 37. g5 Kf7 38. Nf3 Kg6 39. Nh4+ Kf7 40. g6+ Kg8 41. Kf3 Be8 42. Kg4 a5 43. Kg5 b4 44. axb4 a4 45. Nf3 a3 46. Nd2 a2 47. Nb3 Ba4 48. Na1 Bxc2 49. Nxc2 1-0

[Event "Queens Festival Final Team 2022"]
[Site "Tornelo"]
[Date "2022.06.26"]
[Round "11.4"]
[White "Shriyan santosh Priyasha"]
[Black "Perez Rodriguez, Jennifer"]
[Result "1-0"]
[ECO "E05"]
[WhiteElo "1597"]
[BlackElo "2251"]
[Annotator "RC"]
[PlyCount "35"]
[EventDate "2022.06.24"]
[EventType "team-tourn"]
[EventCountry "NET"]
[SourceTitle "playchess.com"]
[Source "ChessBase"]
[SourceQuality "1"]
[WhiteTeam "MAW"]
[BlackTeam "Paraguay"]
[BlackTeamCountry "PAR"]
[TimeControl "180+2"]

1. Nf3 d5 2. d4 Nf6 3. g3 e6 4. Bg2 Be7 5. O-O O-O 6. c4 dxc4 7. Nc3 a6 8. Ne5 c5 9. dxc5 Bxc5 10. Nxc4 Nc6 11. Bg5 Be7 12. a4 h6 13. Be3 Nb4 14. Nb6 Rb8 15. a5 Qxd1 16. Raxd1 Nc2 17. Bf4 Bd7 18. Nxd7 1-0

[Event "Queens Festival Final Team 2022"]
[Site "Tornelo"]
[Date "2022.06.26"]
[Round "11.4"]
[White "Nkhoma, Desiderata"]
[Black "Perez, Dalila"]
[Result "0-1"]
[ECO "C01"]
[WhiteElo "1465"]
[BlackElo "1799"]
[Annotator "NA RC"]
[PlyCount "38"]
[EventDate "2022.06.24"]
[EventType "team-tourn"]
[EventCountry "NET"]
[SourceTitle "playchess.com"]
[Source "ChessBase"]
[SourceQuality "1"]
[WhiteTeam "MAW"]
[BlackTeam "Paraguay"]
[BlackTeamCountry "PAR"]
[TimeControl "180+2"]

1. e4 e6 2. d4 d5 3. exd5 exd5 4. Nf3 Nc6 5. Bd3 Bd6 6. Nc3 Nge7 7. O-O Bg4 8. h3 Bh5 9. Bg5 f6 10. Be3 Qd7 11. Be2 O-O-O 12. a4 g5 13. Nb5 Rdg8 14. Nxd6+ Qxd6 15. a5 g4 16. Nh2 gxh3 17. g3 Rxg3+ 18. Kh1 Rg2 19. Bxh5 Qxh2# 0-1

[Event "Queens Festival Final Team 2022"]
[Site "Tornelo"]
[Date "2022.06.26"]
[Round "11.4"]
[White "Mayeregger Gonzalez, Renata"]
[Black "Banda Tapiwa"]
[Result "1-0"]
[ECO "C41"]
[WhiteElo "1461"]
[BlackElo "1213"]
[Annotator "NA RC"]
[PlyCount "109"]
[EventDate "2022.06.24"]
[EventType "team-tourn"]
[EventCountry "NET"]
[SourceTitle "playchess.com"]
[Source "ChessBase"]
[SourceQuality "1"]
[WhiteTeam "Paraguay"]
[BlackTeam "MAW"]
[WhiteTeamCountry "PAR"]
[TimeControl "180+2"]

1. e4 e5 2. Nf3 d6 3. Bc4 Be7 4. O-O Nf6 5. Nc3 O-O 6. h3 Nbd7 7. d4 c6 8. Bg5 b5 9. Bb3 Ne8 10. Bxe7 Qxe7 11. d5 Bb7 12. dxc6 Bxc6 13. Nd5 Bxd5 14. Qxd5 a6 15. Qxa8 Nef6 16. Qc6 Nb8 17. Qc3 Nxe4 18. Qd3 Nf6 19. Rad1 Rd8 20. Rfe1 Nc6 21. Bd5 Nb4 22. Qb3 Nbxd5 23. Rxd5 Nxd5 24. Qxd5 Qf6 25. c4 bxc4 26. Qxc4 h6 27. Qxa6 Re8 28. b4 Re6 29. Qa8+ Kh7 30. Qe4+ g6 31. b5 Re8 32. b6 Rb8 33. b7 Qe6 34. a4 Qd7 35. Rb1 f5 36. Qd5 e4 37. Ne5 Qe7 38. Qf7+ Qxf7 39. Nxf7 d5 40. Nd6 Kg7 41. Rc1 Kf6 42. Rc8 Rxb7 43. Nxb7 Ke5 44. a5 d4 45. a6 d3 46. Rd8 f4 47. a7 e3 48. fxe3 fxe3 49. a8=Q d2 50. Qa5+ Ke4 51. Nc5+ Kf4 52. Qc7+ Kf5 53. Rd5+ Kf6 54. Qc6+ Kg7 55. Rd7+ 1-0

[Event "Queens Festival Final Team 2022"]
[Site "Tornelo"]
[Date "2022.06.26"]
[Round "11.5"]
[White "Ismayil, Malak"]
[Black "Alboredo, Julia"]
[Result "0-1"]
[ECO "B30"]
[WhiteElo "2001"]
[BlackElo "2252"]
[Annotator "TA"]
[PlyCount "120"]
[EventDate "2022.06.24"]
[EventType "team-tourn"]
[EventCountry "NET"]
[SourceTitle "playchess.com"]
[Source "ChessBase"]
[SourceQuality "1"]
[WhiteTeam "Azerbaijan"]
[BlackTeam "Brazil"]
[WhiteTeamCountry "AZE"]
[BlackTeamCountry "BRA"]
[TimeControl "180+2"]

1. e4 c5 2. Nf3 Nc6 3. Bb5 Nf6 4. Bxc6 dxc6 5. d3 Bg4 6. O-O {[%emt 0:00:01] B30: Sicilian: 2...Nc6 3 Bb5, lines without ...g6.} g6 7. Be3 {[%emt 0:00:02] [#]} b6 $146 ({Predecessor:} 7... c4 8. h3 Bxf3 9. Qxf3 cxd3 10. Rd1 Bg7 11. cxd3 O-O 12. Nc3 Qa5 13. d4 Rfd8 {1-0 (52) Barski,R (2313)-Zombirt,F (1864) Polanica Zdroj 2011}) 8. Nbd2 {[%emt 0:00:01] White is slightly better.} Bg7 9. h3 Bc8 10. Qe2 O-O 11. Rad1 (11. a4 $14 {is superior.}) 11... Qc7 $11 12. Bg5 e5 13. Bh4 a5 14. Bg3 Nh5 15. Bh2 Ba6 16. Qe3 Rad8 17. g4 (17. Nc4 $11 {keeps the balance.}) 17... Nf4 $17 18. Bxf4 (18. Kh1 $1 $15) 18... exf4 19. Qe2 Rfe8 20. b3 Bc8 21. Nh2 (21. Rfe1 $142) 21... f5 (21... h5 $142 22. Qf3 hxg4 23. Nxg4 Bc3) 22. gxf5 Bxf5 {[%emt 0:00:07][%mdl 64] [#] Pin} (22... gxf5 {with more complications.} 23. Kh1 Rd6 24. Qh5 Rf8) 23. Qf3 ({Don't blunder} 23. Ng4 $2 h5 24. Nh2 Bxh3 $19) 23... Be6 24. Kh1 Qd7 ({Black should play} 24... b5 $17 25. Ng4 a4) 25. Qxf4 (25. h4 $1 $15) 25... Bxh3 26. Rg1 {[%emt 0:00:02] [#]} Be5 {[%emt 0:00:03] This bishop pair is nice.} (26... Re5 $1 $19 {Hoping for ...Rf8.} 27. Nc4 Rh5 28. Nxb6 Qe7) 27. Qh4 {[%emt 0:00:03] Threatens to win with f4.} Bxh2 (27... Rf8 $1 $15 {keeps the upper hand.}) 28. Kxh2 $18 Be6 29. Rg2 (29. f4 $18) 29... Rf8 30. Rdg1 (30. f4 $16) 30... Qd6+ $11 31. Kh1 Rd7 $1 32. Qh6 {[%emt 0:00:18][%cal Og2g6] Black must now prevent Rxg6+!} Rg7 33. Nf1 Rf3 34. Nh2 ({Better is} 34. Rh2 $15) 34... Rh3 $17 {[%emt 0:00:03] Black continues to play with concentration.} 35. Qd2 Bg4 {[%emt 0:00:10] 0x0.001b6993724edp-1022s more active pieces.} 36. f4 (36. e5 $17 {keeps fighting.} Qd5 37. c4 Qxe5 38. Re1 (38. f4 $2 Rxh2+ 39. Rxh2 Bf3+ 40. Qg2 Qxf4 $19)) 36... Bf3 $19 {[%emt 0:00:08] ...g5 is the strong threat.} 37. Rf1 Bxg2+ 38. Qxg2 Rh4 39. Qg3 (39. Qg5 Rh5 40. Qg4) 39... g5 40. e5 (40. Rg1 $142 Qxf4 41. Qxf4 gxf4 42. Rxg7+ Kxg7 43. Kg2) 40... Qd5+ 41. Rf3 Rxf4 42. Kg2 Rxf3 43. Qxf3 Qxf3+ 44. Kxf3 {[%emt 0:00:01][%mdl 4096] Endgame KR-KN} Kf7 45. Ng4 Ke6 46. Ke4 h5 47. Ne3 Rf7 48. Nc4 Rf4+ (48... h4 $142 49. Nd2 g4) 49. Ke3 h4 {[%emt 0:00:05] ( -> ...h3)} 50. Nxb6 h3 {[%emt 0:00:01] Black mates.} 51. Na4 h2 52. Nxc5+ Kxe5 53. c3 h1=Q 54. d4+ Kd6 55. Kd3 Qb1+ 56. Kc4 Qf1+ 57. Nd3 Rf3 58. b4 Qxd3+ 59. Kb3 Qxc3+ 60. Ka4 Qxb4# {[%emt 0:00:01] Weighted Error Value: White=0.76/Black=0.27 (precise)} 0-1

[Event "Queens Festival Final Team 2022"]
[Site "Tornelo"]
[Date "2022.06.26"]
[Round "11.5"]
[White "Medeiros, Thauane Ferreira"]
[Black "Mammadova, Aysel"]
[Result "0-1"]
[ECO "A47"]
[WhiteElo "1884"]
[BlackElo "1893"]
[Annotator "NA RC"]
[PlyCount "106"]
[EventDate "2022.06.24"]
[EventType "team-tourn"]
[EventCountry "NET"]
[SourceTitle "playchess.com"]
[Source "ChessBase"]
[SourceQuality "1"]
[WhiteTeam "Brazil"]
[BlackTeam "Azerbaijan"]
[WhiteTeamCountry "BRA"]
[BlackTeamCountry "AZE"]
[TimeControl "180+2"]

1. d4 Nf6 2. Bf4 e6 3. e3 Be7 4. Bd3 d6 5. h3 b6 6. Nf3 Bb7 7. Nbd2 Nbd7 8. O-O O-O 9. Bh2 Ne8 10. c3 Bf6 11. Ne4 Bxe4 12. Bxe4 d5 13. Bc2 Qe7 14. Ne5 Bxe5 15. dxe5 c5 16. Bf4 f6 17. exf6 Nexf6 18. Qd3 e5 19. Bg5 e4 20. Qd2 Qe5 21. Bf4 Qf5 22. Rad1 Ne5 23. Bxe5 Qxe5 24. a4 Rad8 25. Bb3 Kh8 26. Qe2 Rd7 27. Qb5 Rfd8 28. a5 Qc7 29. axb6 axb6 30. Rc1 Rd6 31. Rfd1 h6 32. Ra1 Qd7 33. Qxd7 R8xd7 34. Ra8+ Kh7 35. Rb8 Rd8 36. Rb7 R8d7 37. Rb8 Kg6 38. Bc2 Kf7 39. Ba4 Rd8 40. Rb7+ Kf8 41. g3 d4 42. cxd4 cxd4 43. exd4 Rxd4 44. Rxd4 Rxd4 45. Bc6 Rb4 46. Rb8+ Ke7 47. Rb7+ Kd6 48. Bxe4 Nxe4 49. Rxg7 Rxb2 50. Rg6+ Ke5 51. Rxh6 Nxf2 52. Rh5+ Ke4 53. Rh8 Nd3 0-1

[Event "Queens Festival Final Team 2022"]
[Site "Tornelo"]
[Date "2022.06.26"]
[Round "11.5"]
[White "Khalilova, Khadija"]
[Black "Bucci, Andrea Vidigal"]
[Result "1-0"]
[ECO "B12"]
[WhiteElo "1777"]
[BlackElo "1769"]
[Annotator "NA RC"]
[PlyCount "69"]
[EventDate "2022.06.24"]
[EventType "team-tourn"]
[EventCountry "NET"]
[SourceTitle "playchess.com"]
[Source "ChessBase"]
[SourceQuality "1"]
[WhiteTeam "Azerbaijan"]
[BlackTeam "Brazil"]
[WhiteTeamCountry "AZE"]
[BlackTeamCountry "BRA"]
[TimeControl "180+2"]

1. e4 c6 2. d4 d6 3. c3 Nd7 4. f4 Ngf6 5. e5 dxe5 6. fxe5 Nd5 7. Nf3 e6 8. Bd3 Be7 9. O-O f5 10. exf6 N7xf6 11. Qe2 O-O 12. Ne5 Bd6 13. Nd2 Nd7 14. Qe4 Rxf1+ 15. Nxf1 N5f6 16. Qe2 Qb6 17. Nc4 Qc7 18. Qxe6+ Kh8 19. Qxd6 Qxd6 20. Nxd6 Nb6 21. Nxc8 Rxc8 22. Bf4 Nbd5 23. Bg3 Nh5 24. Be5 Nhf4 25. Bc4 Rf8 26. Bxd5 Nxd5 27. Ng3 h6 28. Rf1 Re8 29. h3 Ne3 30. Rf7 Rg8 31. Rxb7 Nc4 32. Nf5 Nxe5 33. dxe5 Kh7 34. e6 Kg6 35. Ne7+ 1-0

[Event "Queens Festival Final Team 2022"]
[Site "Tornelo"]
[Date "2022.06.26"]
[Round "11.5"]
[White "Gomes, Maria Eduarda Papini"]
[Black "Bakhshizada, Asnad"]
[Result "1-0"]
[ECO "D36"]
[WhiteElo "1618"]
[BlackElo "1052"]
[Annotator "NA RC"]
[PlyCount "53"]
[EventDate "2022.06.24"]
[EventType "team-tourn"]
[EventCountry "NET"]
[SourceTitle "playchess.com"]
[Source "ChessBase"]
[SourceQuality "1"]
[WhiteTeam "Brazil"]
[BlackTeam "Azerbaijan"]
[WhiteTeamCountry "BRA"]
[BlackTeamCountry "AZE"]
[TimeControl "180+2"]

1. d4 d5 2. c4 e6 3. Nc3 Nf6 4. cxd5 exd5 5. Bg5 Be7 6. e3 O-O 7. Bd3 c6 8. Qc2 h6 9. Bh4 Be6 10. Nge2 Nbd7 11. O-O Rc8 12. f3 Nb6 13. Bf2 Bd6 14. e4 dxe4 15. fxe4 Be7 16. e5 Nfd5 17. Nxd5 Nxd5 18. Ng3 Nb4 19. Qd2 b5 20. Bf5 Qd7 21. Bxe6 Qxe6 22. Be3 Nd5 23. Nf5 Nxe3 24. Qxe3 Bg5 25. Qg3 Rcd8 26. h4 Be7 27. Qxg7# 1-0

[Event "Queens Festival Final Team 2022"]
[Site "Tornelo"]
[Date "2022.06.26"]
[Round "11.6"]
[White "Maksimovic, Suzana"]
[Black "Krush, Irina"]
[Result "0-1"]
[ECO "D27"]
[WhiteElo "2145"]
[BlackElo "2430"]
[Annotator "TA"]
[PlyCount "54"]
[EventDate "2022.06.24"]
[EventType "team-tourn"]
[EventCountry "NET"]
[SourceTitle "playchess.com"]
[Source "ChessBase"]
[SourceQuality "1"]
[WhiteTeam "Serbia"]
[BlackTeam "United States"]
[WhiteTeamCountry "SRB"]
[BlackTeamCountry "USA"]
[TimeControl "180+2"]

1. d4 d5 2. c4 dxc4 3. Nf3 Nf6 4. e3 e6 5. Bxc4 c5 6. O-O a6 7. Bd3 cxd4 8. exd4 Be7 9. Nc3 Nc6 10. Be3 {[%emt 0:00:06] D27: Queen's Gambit Accepted: Classical main line: 7 e4!? and 7 a4.} Nb4 11. Bb1 {[%emt 0:00:02] [#]} b5 $146 ({Predecessor:} 11... O-O 12. Ne5 Bd7 13. Qf3 Nbd5 14. Bg5 Bc6 15. Qh3 g6 16. Re1 Nh5 17. Bh6 Ng7 {0-1 (34) Mammadov,A (2331)-Sanikidze,T (2600) Baku 2009}) 12. a4 {[%emt 0:00:07] The position is equal.} bxa4 13. Qxa4+ Bd7 14. Qd1 O-O 15. Re1 Bc6 16. Ne5 Bb7 17. Bg5 Rc8 $1 18. Qe2 Nbd5 ({Much less strong is} 18... Qxd4 19. Rd1 Qc5 20. Bxf6 Bxf6 21. Nd7 $16) 19. Bd2 Qb6 20. Ra2 (20. Nxd5 $11 Bxd5 21. Bc3) 20... Qxd4 $17 21. Nf3 Qg4 {[%emt 0:00:15] Black is more active.} 22. h3 Qh5 23. Bd3 $2 {[%emt 0:00:07][%mdl 8192] This move loses the game for White.} (23. Ne4 $15 Nxe4 24. Bxe4) 23... Nb4 $19 24. Ra4 Bxf3 25. gxf3 Qxh3 {[%emt 0:00:15] And now ...Bd6 would win.} 26. Bxa6 $2 {[%emt 0:00:07] [#]} (26. Qf1 Qxf3 27. Be2) 26... Bd6 $1 {[%emt 0:00:16] ( -> ...Qh2+)} 27. f4 {[%emt 0:00:06] [#]} (27. Qe3 Bh2+) 27... Ng4 $1 {[%emt 0:00:09] Weighted Error Value: White=0.88/Black=0.08 (flawless)} 0-1

[Event "Queens Festival Final Team 2022"]
[Site "Tornelo"]
[Date "2022.06.26"]
[Round "11.6"]
[White "Bian, Erin"]
[Black "Vujcic, Milena"]
[Result "0-1"]
[ECO "C80"]
[WhiteElo "1811"]
[BlackElo "1987"]
[Annotator "NA RC"]
[PlyCount "94"]
[EventDate "2022.06.24"]
[EventType "team-tourn"]
[EventCountry "NET"]
[SourceTitle "playchess.com"]
[Source "ChessBase"]
[SourceQuality "1"]
[WhiteTeam "United States"]
[BlackTeam "Serbia"]
[WhiteTeamCountry "USA"]
[BlackTeamCountry "SRB"]
[TimeControl "180+2"]

1. e4 e5 2. Nf3 Nc6 3. Bb5 a6 4. Ba4 Nf6 5. O-O Nxe4 6. d4 b5 7. Bb3 d5 8. dxe5 Be6 9. Nbd2 Bc5 10. Nxe4 dxe4 11. Ng5 Bxb3 12. axb3 Qxd1 13. Rxd1 Nxe5 14. Nxe4 Bb6 15. Bf4 Ng6 16. Bg3 O-O 17. b4 Rfd8 18. Kf1 Rxd1+ 19. Rxd1 f5 20. Nc3 f4 21. Nd5 fxg3 22. hxg3 Kf7 23. Nxb6 cxb6 24. Rd7+ Ne7 25. Rb7 Ke8 26. Rxb6 Ra7 27. Rb8+ Kd7 28. c3 g6 29. Rh8 h5 30. f3 Ke6 31. Kf2 Kf6 32. Rf8+ Ke6 33. Rb8 Nf5 34. Rb6+ Kf7 35. g4 hxg4 36. fxg4 Ne7 37. Kg3 Nd5 38. Rd6 Nf6 39. Kf4 a5 40. Rb6 Nd5+ 41. Kg5 Nxb6 42. Kh6 axb4 43. cxb4 Ra4 44. g5 Rxb4 45. g3 Rg4 46. b4 Rxg3 47. Kh7 Rh3# 0-1

[Event "Queens Festival Final Team 2022"]
[Site "Tornelo"]
[Date "2022.06.26"]
[Round "11.6"]
[White "Vukosavljevic, Tatjana"]
[Black "Yellamraju, Aparna"]
[Result "1-0"]
[ECO "E06"]
[WhiteElo "1758"]
[BlackElo "1720"]
[Annotator "NA RC"]
[PlyCount "55"]
[EventDate "2022.06.24"]
[EventType "team-tourn"]
[EventCountry "NET"]
[SourceTitle "playchess.com"]
[Source "ChessBase"]
[SourceQuality "1"]
[WhiteTeam "Serbia"]
[BlackTeam "United States"]
[WhiteTeamCountry "SRB"]
[BlackTeamCountry "USA"]
[TimeControl "180+2"]

1. Nf3 d5 2. g3 Nf6 3. Bg2 e6 4. O-O Be7 5. d4 O-O 6. c4 c6 7. b3 b6 8. Bb2 Bb7 9. Nbd2 Na6 10. a3 c5 11. Qc2 Rc8 12. Qd3 cxd4 13. Qxd4 Bc5 14. Qh4 Be7 15. Qd4 dxc4 16. Nxc4 Nc5 17. b4 Qxd4 18. Nxd4 Bxg2 19. Kxg2 Nce4 20. Ne5 Nd5 21. Rac1 Bf6 22. Ndf3 Rfd8 23. Rfd1 Nd6 24. Ba1 Nb5 25. Nc6 Re8 26. e4 Bxa1 27. exd5 Bb2 28. Rc2 1-0